 Dungeon Crawl Stone Soup version 0.31-a0-1570-g93c622d222 (webtiles) character file.

Game seed: 9187206346784005078

1974 Drazool the Grappler (level 9, -14/126 HPs)
             Began as an Oni Shapeshifter on Jan 3, 2024.
             Was an Initiate of Hepliaklqana.
             Demolished by a kobold
             ... wielding a +4 short sword of electrocution
              (20 damage)
             ... on level 7 of the Dungeon.
             The game lasted 00:24:06 (7270 turns).

Drazool the Grappler (Oni Shapeshifter)             Turns: 7270, Time: 00:24:07

Health: -14/126    AC: 24    Str: 23 (24) XL:     9   Next: 20%
Magic:  9/9        EV:  1    Int:  9 (11) God:    Hepliaklqana [......]
Gold:   252        SH:  7    Dex:  5 (8)  Spells: 8/8 levels left

rFire   . .          .
                       - Unarmed
rCold   . . .        v - +0 kite shield
rNeg    + . .        h - melded +0 animal skin
rPois   +            (helmet currently unavailable)
rElec   .            (cloak currently unavailable)
rCorr   .            (gloves unavailable)
SInv    .            (boots unavailable)
Will    +....        (no amulet)
Stlth   +            L - ring of flight
HPRegen 0.41/turn    N - ring of positive energy
MPRegen 0.11/turn

%: no passive effects
@: mighty, lethally poisoned (-14 -> -16), tree-form, enlightened
A: stationary, stasis, torment immunity, boosted hp, large, unfitting armour,
(horns 1), (tough skin 1), double potion healing, drunken brawling
a: Renounce Religion


You were on level 7 of the Dungeon.
You worshipped Hepliaklqana.
Hepliaklqana was noncommittal.
You were a tree.
You visited 2 branches of the dungeon, and saw 8 of its levels.

You collected 372 gold pieces.
You spent 120 gold pieces at shops.


Innate Abilities, Weirdness & Mutations

You are a tree.
Your roots penetrate the ground, keeping you stationary.
You cannot be teleported.
You are immune to unholy pain and torment.
Your maximum health is greatly increased.
Your equipment is partially melded.
You are too large for most types of armour.
((You have a pair of small horns on your head.))
((You have tough skin. (AC +1)))
You gain doubled healing and magic from potions.
Whenever you drink a healing potion, you attack all around you.


   Skills:
 - Level 4.0 Fighting
 + Level 4.6 Dodging
 - Level 3.0 Shields
 - Level 8.4 Unarmed Combat
 - Level 5.0 Shapeshifting


You had 8 spell levels left.
You didn't know any spells.
Your spell library contained the following spells:

 Spells                   Type           Power      Damage    Failure   Level
 Inner Flame              Hex/Fire       0%         N/A       95%         3
 Irradiate                Conj/Alch      0%         3d11      100%        5
 Ignition                 Fire           0%         3d3       100%        8

Inventory:

Hand Weapons
 a - a +0 sling
 j - a +0 giant spiked club
Missiles
 f - 58 stones
 A - 4 poisoned darts (quivered)
Armour
 h - a +0 animal skin (melded)
 v - a +0 kite shield (worn)
Magical Staves
 o - a staff of earth {!a}
Jewellery
 F - an amulet of the acrobat
 L - a ring of flight (left branch)
 N - a ring of positive energy (right branch)
 P - a ring of poison resistance
Talismans
 c - a beast talisman
 d - a flux talisman
Wands
 D - a wand of flame (13)
 E - a wand of digging (4)
Scrolls
 g - 3 scrolls of teleportation {@r2}
 i - a scroll of butterflies
 l - a scroll of amnesia
 p - a scroll of immolation {unknown}
 q - a scroll of brand weapon {unknown}
 r - 2 scrolls of silence {!r}
 s - a scroll of vulnerability {unknown}
 w - 2 scrolls of noise {unknown}
 y - a scroll of enchant weapon {unknown}
 z - a scroll of enchant armour {unknown}
Potions
 b - a potion of lignification
 e - a potion of might
 k - a potion of cancellation {unknown}
 m - a potion of enlightenment
 t - a potion of magic {unknown}
 u - a potion of attraction {unknown}
 x - a potion of resistance {unknown}
 B - 2 potions of degeneration
 C - 2 potions of mutation {unknown}

Dungeon Overview and Level Annotations

Branches:
Dungeon (7/15)             Temple (1/1) D:6

Altars:
Ashenzari
Cheibriados
Dithmenos
Elyvilon
Fedhas
Gozag
Hepliaklqana
Kikubaaqudgha
Makhleb
Nemelex Xobeh
Okawaru
Qazlal
Ru
Sif Muna
Uskayaw
Vehumet
Wu Jian
Xom
Yredelemnul
The Shining One

Shops:
D:3 * D:6

: ##.. .... . ## ..#
....... ... ##. ..#
....... .....#..#####.#
....... ......(..##...#
....... .....###....###
....... ...$..K##.....#
..K...>
.....DK♣......##########
........
.....░░░░░░░░░)....>....
....... ... ░######.###
......# . ......#
......# .....)#
......######
...........###░


You could see a steam dragon, a kobold brigand and a kobold.


Message History

The steam dragon hisses angrily.
The kobold brigand hits you with a +0 dagger.
* * * LOW HITPOINT WARNING * * *
The kobold hits you with a +4 short sword of electrocution.
* * * LOW HITPOINT WARNING * * *
You are electrocuted!
* * * LOW HITPOINT WARNING * * *
You closely miss the kobold brigand.
You feel sick.
The kobold brigand hits you with a +0 dagger.
* * * LOW HITPOINT WARNING * * *
The kobold hits you with a +4 short sword of electrocution.
* * * LOW HITPOINT WARNING * * *
Unknown command.
Your transformation has ended.
You turn into a tree.
Your +0 animal skin melds into your body.
Your roots penetrate the ground.
You feel sick.
The kobold brigand hits you but does no damage.
You block the kobold's attack.
Unknown command.
You barely miss the kobold brigand.
You feel sick.
The kobold brigand hits you but does no damage.
You block the kobold's attack.
Unknown command.
You smack the kobold brigand!
The kobold brigand is heavily wounded.
You feel sick. You block the kobold brigand's attack.
The kobold hits you but does no damage.
You are electrocuted!!
You die...

Skill      XL: |  1  2  3  4  5  6  7  8 |
---------------+-------------------------+-----
Unarmed Combat | 3 4 5 8 |  8.4
Shapeshifting  | 4 5 |  5.0
Fighting       | 4 |  4.0
Dodging        | 2 4 |  4.6
Shields        | 3 |  3.0

Action                     |  1- 3 |  4- 6 |  7- 9 || total
---------------------------+-------+-------+-------++-------
  Melee: Unarmed           |    74 |   100 |   187 ||   361
         Headbutt          |     6 |    15 |    40 ||    61
   Fire: Sling             |    11 |    39 |     6 ||    56
  Throw: Dart              |       |       |    24 ||    24
  Evoke: Wand              |       |       |     7 ||     7
    Use: Scroll            |       |     6 |     2 ||     8
         Potion            |       |       |     7 ||     7
 Armour: Animal skin       |    36 |    53 |   156 ||   245
         Skin              |       |       |     3 ||     3
  Dodge: Dodged            |    23 |    28 |    54 ||   105
  Block: Kite shield       |       |     1 |    61 ||    62

Levels and vault maps discovered:
D:1:      evilmike_arrival_plus, layout_loops_cross,
          dreamdust_mushroom_princess, minmay_3d_cube
D:2:      minmay_inner_zag, layout_loops_ring
D:3:      layout_loops_cross, serial_shops, nicolae_shop_crystal
D:4:      layout_basic, uniq_menkaure
D:5:      layout_basic, small_statue_alley_b
D:6:      layout_basic, minmay_temple_entry_sparse_star, serial_shops,
          nicolae_shop_just_a_little_nook, uniq_jeremiah
D:7:      layout_rooms, kennysheep_generic_room_8
Temple:   mainiacjoe_temple_big_plus

Notes
Turn   | Place    | Note
-------+----------+-------------------------------------------
     0 | D:1      | Drazool the Oni Shapeshifter began the quest for the Orb.
     0 | D:1      | Reached XP level 1. HP: 19/19 MP: 1/1
   202 | D:1      | Reached XP level 2. HP: 24/27 MP: 2/2
   204 | D:1      | Reached skill level 3 in Unarmed Combat
   439 | D:1      | Reached XP level 3. HP: 31/33 MP: 3/3
  1028 | D:2      | Reached XP level 4. HP: 32/41 MP: 4/4
  1229 | D:2      | Reached skill level 4 in Shapeshifting
  1935 | D:3      | Found Xigo's Assorted Antiques.
  1944 | D:3      | Bought a gilded ring for 120 gold pieces
  2390 | D:3      | Reached XP level 5. HP: 49/49 MP: 5/5
  2502 | D:4      | Reached skill level 2 in Fighting
  2563 | D:4      | Reached skill level 3 in Fighting
  2940 | D:4      | Noticed Menkaure
  2944 | D:4      | Killed Menkaure
  2945 | D:4      | Reached skill level 4 in Fighting
  2945 | D:4      | Reached skill level 4 in Unarmed Combat
  2945 | D:4      | Reached XP level 6. HP: 41/62 MP: 6/6
  3051 | D:4      | Reached skill level 5 in Unarmed Combat
  3497 | D:5      | Entered Level 5 of the Dungeon
  3523 | D:5      | Reached skill level 5 in Shapeshifting
  3523 | D:5      | Reached skill level 2 in Dodging
  3523 | D:5      | Reached XP level 7. HP: 48/70 MP: 7/7
  3623 | D:5      | Reached skill level 3 in Dodging
  3886 | D:5      | Reached skill level 4 in Dodging
  3938 | D:5      | Reached skill level 1 in Shields
  4134 | D:4      | Reached skill level 2 in Shields
  4647 | D:5      | Reached skill level 3 in Shields
  4647 | D:5      | Reached XP level 8. HP: 64/78 MP: 8/8
  5319 | D:5      | Reached skill level 6 in Unarmed Combat
  5629 | D:6      | Found a staircase to the Ecumenical Temple.
  5638 | Temple   | Entered the Ecumenical Temple
  5755 | Temple   | Became a worshipper of Hepliaklqana the Forgotten
  5881 | D:6      | Noticed Jeremiah
  6212 | D:6      | Killed Jeremiah
  6213 | D:6      | Reached skill level 7 in Unarmed Combat
  6565 | D:6      | Reached skill level 8 in Unarmed Combat
  6565 | D:6      | Reached XP level 9. HP: 60/84 MP: 9/9
  6769 | D:6      | Found Voweipteli's Book Boutique.
  7085 | D:7      | HP: 2/84 [steam dragon/ball of steam (9)]
  7267 | D:7      | HP: 6/84 [kobold/+4 short sword of electrocution (5)]
  7270 | D:7      | Demolished by a kobold

Vanquished Creatures
  Jeremiah (D:6)
  Menkaure (D:4)
  2 black bears
  An ice beast (Temple)
  4 ogres
  A centaur (D:7)
  3 phantoms
  A howler monkey (D:6)
  2 hounds
  3 jellies
  2 bombardier beetles
  A gnoll bouda (D:4)
  2 orc priests
  2 iguanas (D:5)
  A sleepcap (D:5)
  An orc wizard (D:4)
  6 gnolls
  5 adders
  A shadow imp (D:5)
  4 ufetubi (D:5)
  A ribbon worm (D:5)
  4 dart slugs
  15 orcs
  9 endoplasms
  5 giant cockroaches
  4 goblins
  6 hobgoblins
  6 jackals (D:1)
  4 quokkas
  8 ball pythons
  5 bats
  2 frilled lizards
  6 kobolds
  8 rats
127 creatures vanquished.

Vanquished Creatures (others)
  A bullfrog (D:7)
1 creature vanquished.

Grand Total: 128 creatures vanquished

Table legend: (Time is in decaauts)
 A = Elapsed time spent in this place.
 B = Non-inter-level travel time spent in this place.
 C = Inter-level travel time spent in this place.
 D = Time resting spent in this place.
 E = Time spent auto-exploring this place.
 F = Levels seen in this place.
 G = Mean time per level.
                   A        B        C        D        E       F      G
               +--------+--------+--------+--------+--------+-----+--------+
         Total |   7288 |   6843 |    445 |   1507 |   3975 |   8 |  911.0 |
       Dungeon |   6803 |   6497 |    306 |   1211 |   3975 |   7 |  971.9 |
        Temple |    485 |    346 |    139 |    296 |      0 |   1 |  485.0 |
               +--------+--------+--------+--------+--------+-----+--------+

Top non-repeatable levels by time:
     D:4: 1664 daAuts
     D:5: 1332 daAuts
     D:2: 961 daAuts
     D:6: 897 daAuts
     D:1: 893 daAuts
     D:3: 723 daAuts
  Temple: 485 daAuts
     D:7: 330 daAuts

Table legend:
 A = Non-vault XP
 B = Vault XP
 C = Vault XP percentage of total XP
 D = Non-vault monster count
 E = Vault monster count
 F = Vault count percentage of total count
                 A         B        C        D         E       F
            +---------+---------+-------+---------+---------+-------
      Total |    2240 |     580 |  20.6 |     118 |       9 |   7.1
            +---------+---------+-------+---------+---------+-------
        D:1 |      49 |       5 |   9.3 |      23 |       3 |  11.5
        D:2 |      71 |      18 |  20.2 |      20 |       4 |  16.7
        D:3 |      25 |       0 |   0.0 |      13 |       0 |   0.0
        D:4 |     326 |     175 |  34.9 |      18 |       1 |   5.3
        D:5 |     965 |       0 |   0.0 |      25 |       0 |   0.0
        D:6 |     366 |     382 |  51.1 |       5 |       1 |  16.7
        D:7 |     299 |       0 |   0.0 |       8 |       0 |   0.0
     Temple |     139 |       0 |   0.0 |       6 |       0 |   0.0
            +---------+---------+-------+---------+---------+-------
